AoeStats
← 啊超

Arena

506418433Analyzed
4v4 RM · 18d ago on Sep 13, 2026· 36m 16s· 8 players
Game mode
Random Map
Map size
Large (8 player)
Population
200
Speed
Normal
Resources
Standard
Victory
Conquest
Starting age
Dark Age
Ending age
Imperial Age
RankedLock teamsTeams togetherTeam positionsShared explorationLock speedFull tech treeHidden civsTurbo modeCheats
Victory
Defeat
🇨🇳 Celts · China
1140
+13
🇹🇼 Turks · Taiwan
1138
+13
🇨🇳 Franks · China
1133
+13
🇪🇸 Gurjaras · Spain
955
+21
🇨🇳 Berbers · China
1084
-16
🇫🇷 Hindustanis · France
1061
-15
🇨🇳 Hindustanis · China
1061
-15
🇪🇸 Burgundians · Spain
1046
-14
RojoJT
10:06 Loom
13:04 Feudal Age
17:50 Castle Age
16:05 Horse Collar
16:17 Double-Bit Axe
16:44 Gold Mining
17:48 Heavy Plow
18:01 Bow Saw
19:38 Crop Rotation
21:51 Husbandry
25:51 Scale Barding Armor
25:12 Cavalier
26:03 Fletching
27:50 Chain Barding Armor
28:38 Bodkin Arrow
32:31 Burgundian Vineyards
33:48 Forging
35:43 Wheelbarrow
34:54 Town Watch
Baba-Bled54
1:50 Loom
10:41 Feudal Age
15:43 Castle Age
16:48 Double-Bit Axe
17:30 Horse Collar
25:21 Bow Saw
28:27 Imperial Age
27:06 Wheelbarrow
26:40 Light Cavalry
27:31 Bloodlines
28:09 Forging
29:34 Conscription
29:23 Heavy Camel Rider
30:14 Elite Skirmisher
31:40 Scale Barding Armor
33:25 Husbandry
34:46 Ballistics
35:47 Chemistry
啊超
10:51 Feudal Age
15:19 Castle Age
14:49 Horse Collar
14:55 Double-Bit Axe
28:54 Imperial Age
27:09 Grand Trunk Road
27:15 Loom
27:31 Fletching
27:45 Padded Archer Armor
27:16 Elite Skirmisher
27:57 Gold Mining
27:59 Stone Mining
29:03 Bow Saw
29:47 Ballistics
29:55 Forging
29:52 Scale Barding Armor
30:50 Wheelbarrow
31:09 Shatagni
32:12 Chemistry
32:28 Two-Man Saw
32:34 Conscription
32:25 Husbandry
32:36 Bloodlines
33:15 Iron Casting
32:31 Fletching
33:04 Chain Barding Armor
32:36 Light Cavalry
33:50 Hussar
陈乾
10:29 Feudal Age
14:47 Castle Age
12:40 Double-Bit Axe
12:58 Horse Collar
18:38 Loom
23:16 Wheelbarrow
25:57 Forging
26:57 Bloodlines
26:48 Husbandry
35:30 Imperial Age
Kaparso
10:45 Feudal Age
13:29 Double-Bit Axe
16:28 Castle Age
15:41 Horse Collar
18:30 Loom
21:58 Fletching
22:51 Wheelbarrow
23:12 Town Watch
25:34 Bodkin Arrow
25:39 Padded Archer Armor
27:52 Bow Saw
30:51 Imperial Age
30:21 Thumb Ring
30:34 Leather Archer Armor
31:18 Elite Elephant Archer
34:32 Bracer
35:34 Chemistry
34:55 Ballistics
高希英娜
10:59 Feudal Age
14:32 Castle Age
12:59 Double-Bit Axe
13:25 Horse Collar
16:03 Bow Saw
17:01 Heavy Plow
21:31 Wheelbarrow
22:53 Gold Mining
24:07 Pikeman
26:14 Gold Shaft Mining
26:30 Loom
27:03 Forging
29:57 Imperial Age
27:37 Scale Mail Armor
28:48 Iron Casting
28:11 Stone Mining
29:18 Chain Mail Armor
30:39 Hand Cart
30:00 Capped Ram
30:24 Halberdier
31:36 Plate Mail Armor
32:58 Blast Furnace
33:15 Furor Celtica
33:37 Fortified Wall
33:22 Fletching
34:10 Siege Ram
35:56 Chemistry
34:37 Treadmill Crane
35:09 Careening
35:42 Conscription
36:18 Siege Engineers
36:15 Arson
ky21431
12:34 Feudal Age
14:43 Gold Mining
17:49 Castle Age
15:50 Double-Bit Axe
22:17 Imperial Age
32:11 Loom
32:24 Horse Collar
辉夜夜大小姐
11:14 Feudal Age
17:03 Castle Age
15:13 Double-Bit Axe
20:52 Bow Saw
20:39 Loom
23:17 Pikeman
27:35 Wheelbarrow
31:23 Imperial Age
29:03 Scale Barding Armor
29:09 Forging
29:01 Scale Mail Armor
30:11 Gold Mining
32:32 Hand Cart
32:52 Fortified Wall
32:45 Husbandry
33:21 Cavalier
35:43 Halberdier
36:23 Squires
Connection lost

Rejoining the realm…

Still unreachable

The connection could not be restored.

Session expired

The server has moved on; the page needs a fresh start.